 Dungeon Crawl Stone Soup version 0.19-a0-965-g50bf062 (webtiles) character file.

275 4thArraOfDagon the Chopper (level 6, 1/55 HPs)
             Began as a Minotaur Abyssal Knight on July 12, 2016.
             Was a Follower of Lugonu.
             Quit the game on level 8 of the Dungeon.
             The game lasted 00:05:10 (1026 turns).

4thArraOfDagon the Chopper (MiAK)                   Turns: 1026, Time: 00:05:11

Health: 1/55       AC: 10    Str: 15    XL:     6   Next: 3%
Magic:  7/7        EV:  6    Int: 11    God:    Lugonu [*.....]
Gold:   53         SH:  4    Dex:  9    Spells: 0 memorised, 5 levels left

rFire  . . .     SeeInvis .     r - +0 war axe
rCold  . . .     Gourm    .     l - +0 chain mail
rNeg   . . .     Faith    .     q - +2 buckler
rPois  +         Spirit   .     (helmet restricted)
rElec  +         Dismiss  .     f - +0 cloak
rCorr  .         Reflect  .     (no gloves)
SustAt .         Harm     .     (no boots)
MR     .....                    m - amulet of magic regeneration
Stlth  ..........               (no ring)
                                (no ring)

@: not resistant to hostile enchantments, extremely unstealthy
A: retaliatory headbutt, hooves 1, horns 2, poison resistance, electricity
resistance, weak 1
a: Depart the Abyss, Renounce Religion


You were on level 8 of the Dungeon.
You worshipped Lugonu.
Lugonu was aware of your devotion.
You were hungry.

You visited 1 branch of the dungeon, and saw 7 of its levels.
You visited the Abyss 1 time.

You collected 53 gold pieces.

Inventory:

Hand Weapons
 a - a +1 hand axe
 r - a +0 war axe (weapon)
Armour
 b - a +0 leather armour
 f - a +0 cloak (worn)
 k - a +0 ring mail
 l - a +0 chain mail (worn)
 q - a +2 buckler (worn)
Jewellery
 m - an amulet of magic regeneration (around neck)
Wands
 g - a wand of iceblast (5/15)
Scrolls
 e - 2 scrolls of identify
 h - a scroll of enchant weapon {unknown}
 j - a scroll of fog {unknown}
 n - a scroll of fear {unknown}
 p - a scroll of noise
Comestibles
 c - 2 bread rations
 d - 2 fruits
 i - 2 meat rations


   Skills:
 + Level 4.8 Fighting
 * Level 5.2 Axes
 + Level 3.8 Armour
 - Level 1.1 Dodging
 + Level 3.2 Invocations


You had 5 spell levels left.
You didn't know any spells.

Dungeon Overview and Level Annotations

Branches:
Dungeon (8/15)             Temple (0/1) D:6
   Lair: D:8-11

Altars:
Kikubaaqudgha
Nemelex Xobeh

Annotations:
D:8 Joseph


Innate Abilities, Weirdness & Mutations

You reflexively headbutt those who attack you in melee.
You have a pair of horns on your head.
You have large cloven feet.
Your system is resistant to poisons. (rPois)
You are resistant to electric shocks. (rElec)
You are weak. (Str -2)


Message History

You closely miss the orc.
The orc is moderately wounded.
You hit the wyvern zombie but do no damage.
The wyvern zombie bites you!
* * * LOW HITPOINT WARNING * * *
The howler monkey hoots and howls with incredible vigour!
You block the orc's attack. The wyvern zombie barely misses you.
You hear a bark!
Something shouts, "Begone, thou puking hedge-born cretin!"
You hear an angry buzzing noise.
A giant frog zombie comes into view.
You hit the orc. You headbutt the orc.
You kill the orc!
Lugonu accepts your kill.
You slash the wyvern zombie! The wyvern zombie bites you.
* * * LOW HITPOINT WARNING * * *
The wyvern zombie bites you.
* * * LOW HITPOINT WARNING * * *
Unknown command.
Are you sure you want to abandon this character and quit the game? (Confirm with "yes".)

...#####.....
..#........
Z........
....... .....
..o #s# #@#
#Z# ##h# #@Y#
#.o# #..#
#..# ... #..#
.....
#..##.....


You could see Joseph, an ice beast, a scorpion, a howler monkey, 2 orcs, a giant
frog zombie and a wyvern zombie.

Vanquished Creatures
  A sky beast (D:7)
  A howler monkey (D:7)
  A hound (D:8)
  An orc wizard (D:7)
  A worker ant (D:7)
  2 gnolls (D:7)
  An adder (D:7)
  An ooze (D:2)
  8 orcs
  A giant cockroach (D:2)
  2 hobgoblins
  6 jackals
  2 giant newts (D:7)
  A goblin (D:1)
  2 kobolds (D:2)
31 creatures vanquished.

Notes
Turn   | Place    | Note
-------+----------+-------------------------------------------
     0 | Abyss:1  | 4thArraOfDagon the Minotaur Abyssal Knight began the quest for the Orb.
     0 | Abyss:1  | Reached XP level 1. HP: 19/19 MP: 1/1
    73 | Abyss:1  | Noticed an efreet
    78 | Abyss:1  | Noticed a ynoxinul
    78 | D:1      | Escaped the Abyss
   282 | D:2      | Reached * piety under Lugonu
   296 | D:2      | Reached XP level 2. HP: 15/27 MP: 2/2
   367 | D:3      | Reached skill level 3 in Axes
   467 | D:4      | Noticed a slave
   468 | D:4      | Noticed a slave
   483 | D:4      | You fall through a shaft for 3 floors!
   568 | D:7      | Noticed a crimson imp
   570 | D:7      | Noticed a howler monkey
   585 | D:7      | Killed a howler monkey
   585 | D:7      | Reached XP level 3. HP: 26/33 MP: 3/3
   649 | D:7      | Reached XP level 4. HP: 38/40 MP: 4/4
   688 | D:6      | Found a staircase to the Ecumenical Temple.
   688 | D:6      | Noticed a phantom
   701 | D:6      | Found a sparkling altar of Nemelex Xobeh.
   701 | D:6      | Found an ancient bone altar of Kikubaaqudgha.
   770 | D:7      | Reached skill level 4 in Axes
   873 | D:7      | Noticed a sky beast
   879 | D:7      | Killed a sky beast
   879 | D:7      | Reached XP level 5. HP: 38/47 MP: 4/6
   886 | D:7      | Gained mutation: You have large cloven feet. [mutagenic meat]
   889 | D:7      | Gained mutation: You are resistant to electric shocks. (rElec) [mutagenic meat]
   892 | D:7      | Gained mutation: You are weak. (Str -2) [mutagenic meat]
   895 | D:7      | Gained mutation: Your system is resistant to poisons. (rPois) [mutagenic meat]
   943 | D:7      | Noticed a spriggan baker
   965 | D:7      | Reached skill level 5 in Axes
   986 | D:8      | Noticed a centaur
   999 | D:8      | Noticed an ice beast
  1005 | D:8      | Noticed Joseph
  1018 | D:8      | Reached XP level 6. HP: 17/55 MP: 7/7
  1022 | D:8      | Noticed a hippogriff
  1025 | D:8      | HP: 1/55 [wyvern zombie (2)]
  1026 | D:8      | Quit the game

Vault maps used:
D:1:      dpeg_arrival_orchard
D:2:      lemuel_crystal_altar
D:3:      first_bread, corner_web_ring, minmay_misc_feat_tiny
D:4:      serial_shops, nicolae_shop_behind_doors, nicolae_alphabet_shops,
          uniq_edmund, uniq_pikel
D:6:      gammafunk_temple_overflow_elements
D:7:      the_bakery
D:8:      minmay_quarter_circles, enter_bailey_3,
          lemuel_mausoleum_altar_yredelemnul, uniq_joseph

Skill      XL: |  1  2  3  4  5 |
---------------+----------------+-----
Invocations    | 2 3 |  3.2
Axes           | 3 4 5 |  5.2
Fighting       | 4 |  4.8
Armour         | 3 |  3.8
Dodging        | |  1.1

Action                   |  1- 3 |  4- 6 || total
-------------------------+-------+-------++-------
Melee: Hand axe          |    68 |    13 ||    81
       Headbutt          |     9 |     7 ||    16
       War axe           |       |    29 ||    29
       Kick              |       |     5 ||     5
Invok: Depart the Abyss  |     1 |       ||     1
Evoke: Wand              |       |     1 ||     1
  Use: Scroll            |     1 |     4 ||     5
  Eat: Chunk             |       |     4 ||     4
Armor: Leather armour    |     5 |       ||     5
       Chain mail        |    15 |    47 ||    62
       Ring mail         |     4 |       ||     4
Dodge: Dodged            |    24 |    22 ||    46
Block: Buckler           |       |     8 ||     8
